 Dungeon Crawl Stone Soup version 0.26-a0-113-gd8a95b691d (webtiles) character file.

Game seed: 6934913586952965670

12453 MrRokkomies the Quickloader (level 12, -32/106 HPs)
             Began as a Kobold Arcane Marksman on June 25, 2020.
             Was a High Priest of Yredelemnul.
             Blown up by an eye of devastation (53 damage)
             ... with a bolt of energy
             ... summoned by a boggart
             ... in a Gauntlet.
             The game lasted 00:36:03 (11926 turns).

MrRokkomies the Quickloader (KoAM)                 Turns: 11926, Time: 00:36:03

Health: -32/106    AC: 14    Str: 11    XL:     12   Next: 20%
Magic:  17/18      EV: 21    Int: 19    God:    Yredelemnul [*****.]
Gold:   396        SH:  0    Dex: 17    Spells: 4/13 levels left

rFire    + + .     SeeInvis .   a - +0 whip (elec)
rCold    + . .     Faith    .   (shield restricted)
rNeg     . . .     Spirit   .   D - +3 leather armour "Duyn" {rC+ Regen+ Int+2}
rPois    +         Reflect  .   A - +1 helmet {Int+3}
rElec    +         Harm     .   x - +2 cloak {Stlth+}
rCorr    +         NoTele   +   g - +2 pair of gloves
MR       .....                  (no boots)
Stlth    ..........             (no amulet)
HPRegen  0.67/turn              h - ring of poison resistance
MPRegen  0.16/turn              t - ring of fire

@: berserking, resistant, hasted, lightly drained, very quick
A: small, carnivore
a: Recall Undead Slaves, Injury Mirror, Animate Dead, Drain Life, Enslave Soul,
Renounce Religion


You were in a Gauntlet.
You worshipped Yredelemnul.
Yredelemnul was extremely pleased with you.
You were very full.

You visited 2 branches of the dungeon, and saw 11 of its levels.
You also visited: Gauntlet.

You collected 576 gold pieces.
You spent 180 gold pieces at shops.

Inventory:

Hand Weapons
 a - a +0 whip of electrocution (weapon)
 b - a +7 arbalest of flaming
Missiles
 d - 77 bolts
 e - 14 poisoned darts (quivered)
 l - 4 curare-tipped darts
Armour
 g - a +2 pair of gloves (worn)
 n - a +0 cloak
 x - a +2 cloak of stealth (worn)
 A - a +1 helmet of intelligence (worn)
 D - the +3 leather armour "Duyn" (worn) {rC+ Regen+ Int+2}
   (You found it on level 5 of the Dungeon)

   It affects your intelligence (+2).
   It protects you from cold.
   It increases your rate of regeneration.
 E - +0 fire dragon scales
Jewellery
 h - a ring of poison resistance (left hand)
 s - an uncursed ring of protection from cold
 t - a ring of fire (right hand)
Wands
 r - a wand of flame (45)
 w - a wand of random effects (29)
Scrolls
 c - a scroll of blinking
 p - 6 scrolls of teleportation
 q - a scroll of immolation
 u - a scroll of brand weapon {unknown}
 y - 3 scrolls of summoning {unknown}
 z - a scroll of magic mapping
 I - a scroll of remove curse
 J - a scroll of silence {unknown}
Potions
 i - 3 potions of heal wounds
 k - 2 potions of invisibility
 m - 6 potions of curing
 o - 2 potions of haste
 B - 2 potions of lignification {unknown}
 F - a potion of brilliance {unknown}
 G - 2 potions of stabbing {unknown}
Comestibles
 f - 24 rations


   Skills:
 - Level 6.4(5.8) Fighting
 + Level 4.1(3.6) Maces & Flails
 * Level 12.5(11.8) Crossbows
 - Level 10.3(9.6) Dodging
 - Level 1.1(0.5) Spellcasting
 - Level 6.0(5.4) Hexes
 + Level 3.2(2.6) Translocations
 - Level 4.0(3.4) Fire Magic
 * Level 8.2(7.6) Invocations


You had 4 spell levels left.
You knew the following spells:

 Your Spells              Type           Power        Failure   Level  Hunger
a - Corona                Hex            ###....      2%          1    ##.....
b - Slow                  Hex            ###.....     4%          2    ###....
c - Inner Flame           Hex/Fire       ####....     13%         3    ####...
d - Portal Projectile     Hex/Tloc       ###...       14%         3    ####...

Your spell library contained the following spells:

 Spells                   Type           Power        Failure   Level  Hunger
 Cause Fear               Hex            ###.......   28%         4    #####..
 Poisonous Vapours        Pois/Air       #.....       36%         2    ###....
 Conjure Flame            Conj/Fire      ##......     36%         3    ####...
 Mephitic Cloud           Conj/Pois/Air  #.......     61%         3    ####...
 Leda's Liquefaction      Hex/Erth       ##........   63%         4    #####..
 Freezing Cloud           Conj/Ice/Air   #.........   100%        6    #######
 Ring of Flames           Chrm/Fire      ##........   100%        7    #######


Dungeon Overview and Level Annotations

Branches:
Dungeon (9/15)             Temple (0/1) D:6            Lair (2/6) D:8
  Snake (0/4) Lair:2          Orc (0/2) D:9         Gauntlet (1/1)
  Swamp: Lair:2-4    Shoals: Lair:2-4

Altars:
Ashenzari
Cheibriados
Dithmenos
Gozag
Hepliaklqana
Makhleb
Nemelex Xobeh
Qazlal
Sif Muna
Trog
Vehumet
Yredelemnul

Shops:
D:3 *   D:5 [

Annotations:
D:8 2 transporters, Yosebu's ghost, novice KoHu Gauntlet 8 transporters, 4 runed translucent doors


Innate Abilities, Weirdness & Mutations

You are small and have problems with some larger weapons.
You are carnivorous and can eat meat at any time.


Message History

The deep elf mage hits you but does no damage. x2
You whack the worldbinder!
Lightning courses through the worldbinder!
The worldbinder is moderately damaged.
The worldbinder closely misses you. x2
You hit the worldbinder.
The worldbinder is heavily damaged.
The deep elf mage disappears in a puff of smoke!
The deep elf mage closely misses you.
The deep elf knight casts a spell at you.
The shard of ice hits you!! You partially resist.
* * * LOW HITPOINT WARNING * * *
The worldbinder misses you. The worldbinder hits you.
* * * LOW HITPOINT WARNING * * *
You barely miss the worldbinder.
The worldbinder is heavily damaged.
The eye of devastation gazes at you. The bolt of energy hits you!!!
Ouch! That really hurt!
You die...

## ### ### ### ### ### ### ##
##≈###≈###≈###≈###≈###≈###≈###≈
#≈≈≈#≈≈≈#≈≈≈#≈≈≈#≈≈≈#≈≈≈#≈≈≈#≈≈
#≈............................
##.#########...#########...###
##≈.#..8#8..#.8.###...###.8.#..
#≈≈.#!..8..3#...###...###...#.#
##≈.#).8.8.8######.'##..#####.#
8. ##.#©8^©^8##e@e#{3#©#..#©.©#W#
..##..#..8.838#§8x##.##+..#.8.#$.
8.#...#[..8..3#G3e###...###...#W.
..#.\.#..8#8..#585###...###.8.#..
©.#...#########5g.#########...###
..#.8.....#.....8.#.........8.#..
©.#...#########...#########...###
..#.\.#sa.....#.8.#..#....#.8.#..
8.#...#".####.#...#?/#.##.#...#.#


You could see an eye of devastation (summoned), a deep elf knight (summoned), 2
deep elf magi, a worldbinder, 3 sixfirhies, a smoke demon (summoned), a ynoxinul
(summoned), a boggart and 3 ufetubi.

Vanquished Creatures
  A hydra (Lair:1)
  A fire crab (Gauntlet)
  Pikel (D:5)
  Psyche (D:8)
  A komodo dragon (Lair:1)
  Sigmund (D:3)
  4 fire bats (Gauntlet)
  Eustachio (D:5)
  4 hogs (D:7)
  A human (D:7)
  2 hungry ghosts (D:8)
  2 basilisks
  Menkaure (D:5)
  Edmund (D:5)
  Duvessa (D:6)
  A water moccasin (Lair:1)
  7 porcupines
  2 orc warriors
  A necrophage (D:4)
  An ice beast (D:8)
  2 black bears (D:8)
  A phantom (D:5)
  A boggart (Gauntlet)
  4 ogres
  14 wolves
  A centaur (D:7)
  3 crocodiles
  7 bullfrogs
  Dowan (D:6)
  2 scorpions
  12 killer bees
  3 wights (D:8)
  A howler monkey (D:5)
  7 crimson imps
  A jelly (D:7)
  3 orc priests
  Crazy Yiuf (D:2)
  9 hounds
  4 orc wizards
  5 bullfrog skeletons
  Ijyb (D:5)
  7 iguanas
  8 worker ants
  Natasha (thrice) (D:2)
  2 hound skeletons
  A howler monkey zombie (D:9)
  Robin (D:4)
  5 gnolls
  10 adders
  An ooze (D:3)
  2 adder skeletons
  2 adder zombies (D:5)
  A worm (D:2)
  3 dart slugs
  5 leopard geckos
  18 orcs
  A ball python (D:2)
  7 bats
  8 giant cockroaches
  24 goblins
  10 hobgoblins
  11 jackals
  5 kobolds
  3 quokkas
  A frilled lizard (D:2)
  A jackal zombie (D:5)
  A leopard gecko skeleton (D:4)
  5 rats
264 creatures vanquished.

Vanquished Creatures (collateral kills)
  A hydra (Lair:1)
  A komodo dragon (Lair:1)
  A water moccasin (Lair:1)
  A porcupine (D:8)
  An orc warrior (D:8)
  An ice beast (D:8)
  A wolf (Lair:1)
  A centaur (D:8)
  A crocodile (Lair:1)
  9 killer bees (D:8)
  A wight (D:8)
  3 howler monkeys (D:8)
  A crimson imp (D:8)
  An iron imp (D:8)
  An orc wizard (D:8)
  2 worker ants (D:8)
  An adder (D:8)
  A shadow imp (D:8)
  An adder zombie (D:8)
  4 orcs (D:8)
  A fungus (D:8)
  2 plants (D:8)
37 creatures vanquished.

Vanquished Creatures (others)
  2 flying skulls
  3 wights
5 creatures vanquished.

Grand Total: 306 creatures vanquished

Notes
Turn   | Place    | Note
-------+----------+-------------------------------------------
     0 | D:1      | MrRokkomies the Kobold Arcane Marksman began the quest for
                  | the Orb.
     0 | D:1      | Reached XP level 1. HP: 12/12 MP: 2/2
   203 | D:1      | Reached XP level 2. HP: 16/16 MP: 3/3
   365 | D:1      | Reached skill level 3 in Crossbows
   714 | D:1      | Reached XP level 3. HP: 20/20 MP: 4/4
  1110 | D:2      | Found a basalt altar of Yredelemnul.
  1129 | D:2      | Became a worshipper of Yredelemnul the Dark
  1352 | D:2      | Reached XP level 4. HP: 26/26 MP: 5/5
  1464 | D:2      | Noticed Natasha
  1469 | D:2      | Killed Natasha
  1668 | D:2      | Noticed Natasha
  1673 | D:2      | Killed Natasha
  1673 | D:2      | Reached XP level 5. HP: 21/30 MP: 6/6
  1796 | D:2      | Noticed Natasha
  1803 | D:2      | Killed Natasha
  1803 | D:2      | Reached * piety under Yredelemnul
  1803 | D:2      | Reached skill level 4 in Crossbows
  2155 | D:2      | Found a runed translucent door.
  2156 | D:2      | Noticed Crazy Yiuf
  2166 | D:2      | Killed Crazy Yiuf
  2601 | D:3      | Reached XP level 6. HP: 31/36 MP: 7/7
  2646 | D:3      | Found Gozag's Platinum Reserve.
  2810 | D:3      | Noticed Sigmund
  2823 | D:3      | Killed Sigmund
  2823 | D:3      | Reached skill level 5 in Crossbows
  2823 | D:3      | Reached skill level 5 in Dodging
  2863 | D:3      | Found an opulent altar of Gozag.
  2873 | D:3      | Reached XP level 7. HP: 38/40 MP: 8/8
  3109 | D:3      | Found a hazy altar of Hepliaklqana.
  3623 | D:4      | Found a shattered altar of Ashenzari.
  4204 | D:4      | Found a radiant altar of Vehumet.
  4204 | D:4      | Found a burning altar of Makhleb.
  4316 | D:4      | Reached ** piety under Yredelemnul
  4338 | D:4      | Noticed Robin
  4350 | D:4      | Killed Robin
  4721 | D:4      | Reached skill level 6 in Crossbows
  4936 | D:5      | Entered Level 5 of the Dungeon
  4942 | D:5      | Noticed Eustachio
  4963 | D:5      | Killed Eustachio
  4963 | D:5      | Reached XP level 8. HP: 47/47 MP: 9/9
  4998 | D:5      | Noticed Edmund
  5006 | D:5      | Killed Edmund
  5012 | D:5      | Reached skill level 7 in Crossbows
  5096 | D:5      | Noticed Ijyb
  5132 | D:5      | Killed Ijyb
  5244 | D:5      | Found Weotoaho's Antique Armour Shop.
  5264 | D:5      | Reached skill level 5 in Hexes
  5313 | D:5      | Bought a runed helmet for 180 gold pieces
  5734 | D:5      | Reached XP level 9. HP: 52/52 MP: 10/10
  5923 | D:5      | Got a glimmering leather armour
  5934 | D:5      | Identified the +3 leather armour "Duyn" {rC+ Regen+ Int+2}
                  | (You found it on level 5 of the Dungeon)
  6022 | D:5      | Noticed Pikel
  6047 | D:5      | Killed Pikel
  6047 | D:5      | Reached skill level 5 in Fighting
  6047 | D:5      | Reached skill level 8 in Crossbows
  6199 | D:5      | Noticed Menkaure
  6209 | D:5      | Killed Menkaure
  6768 | D:6      | Reached *** piety under Yredelemnul
  6917 | D:6      | Noticed Dowan
  6919 | D:6      | Noticed Duvessa
  6927 | D:6      | Killed Dowan
  6927 | D:6      | Reached skill level 9 in Crossbows
  6935 | D:6      | Killed Duvessa
  7004 | D:6      | Found a staircase to the Ecumenical Temple.
  7151 | D:6      | Found a stormy altar of Qazlal.
  7269 | D:6      | Reached skill level 1 in Invocations
  7319 | D:6      | Learned a level 2 spell: Slow
  7323 | D:6      | Learned a level 3 spell: Inner Flame
  7327 | D:6      | Learned a level 3 spell: Portal Projectile
  7395 | D:7      | Reached XP level 10. HP: 58/60 MP: 11/11
  7496 | D:7      | Found a sparkling altar of Nemelex Xobeh.
  7521 | D:7      | Reached skill level 1 in Fire Magic
  7695 | D:7      | Found a shimmering blue altar of Sif Muna.
  7873 | D:7      | Reached skill level 10 in Dodging
  7897 | D:7      | Reached skill level 10 in Crossbows
  8361 | D:8      | Found a shadowy altar of Dithmenos.
  8375 | D:8      | Identified a scroll of acquirement
  8386 | D:8      | Noticed Psyche
  8397 | D:8      | Killed Psyche
  8535 | D:8      | Reached skill level 1 in Maces & Flails
  8535 | D:8      | Received a gift from Yredelemnul (a wight)
  8632 | D:8      | Found a staircase to the Lair.
  8684 | D:9      | Reached **** piety under Yredelemnul
  8799 | D:9      | Reached XP level 11. HP: 66/66 MP: 14/14
  8878 | D:9      | Found a bloodstained altar of Trog.
  9002 | D:9      | Found a staircase to the Orcish Mines.
  9022 | D:9      | Reached skill level 5 in Invocations
  9090 | D:9      | Found a radiant altar of Vehumet.
  9361 | D:8      | Received a gift from Yredelemnul (2 flying skulls)
  9421 | D:8      | Reached skill level 11 in Crossbows
  9473 | D:8      | Received a gift from Yredelemnul (5 flying skulls)
  9613 | D:8      | Found a transporter.
  9657 | D:8      | Reached ***** piety under Yredelemnul
  9692 | D:8      | Found a transporter.
  9711 | D:8      | Noticed Yosebu's ghost (novice KoHu)
  9793 | D:8      | Received a gift from Yredelemnul (a wight)
 10036 | D:8      | Found a snail-covered altar of Cheibriados.
 10512 | Lair:1   | Entered Level 1 of the Lair of Beasts
 10518 | Lair:1   | Reached skill level 1 in Translocations
 10682 | Lair:1   | Noticed an eight-headed hydra
 10690 | Lair:1   | Killed an eight-headed hydra
 10851 | Lair:1   | Received a gift from Yredelemnul (a wight)
 11224 | Lair:1   | Noticed a four-headed hydra
 11228 | Lair:1   | Killed a four-headed hydra
 11228 | Lair:1   | Reached skill level 12 in Crossbows
 11468 | Lair:1   | Reached XP level 12. HP: 53/71 MP: 17/17
 11558 | Lair:2   | Found a gate leading to a gauntlet.
 11569 | Gauntlet | Entered a Gauntlet
 11569 | Gauntlet | Found a transporter.
 11569 | Gauntlet | Found a transporter.
 11569 | Gauntlet | Noticed a fire crab
 11586 | Gauntlet | Found a runed translucent door.
 11589 | Gauntlet | Found a transporter.
 11591 | Gauntlet | Found a transporter.
 11597 | Gauntlet | Found a runed translucent gate.
 11597 | Gauntlet | Found a runed translucent gate.
 11597 | Gauntlet | Found a runed translucent gate.
 11599 | Gauntlet | Found a transporter.
 11603 | Gauntlet | Found a transporter.
 11611 | Gauntlet | Noticed an entropy weaver
 11614 | Gauntlet | Found a transporter.
 11627 | Gauntlet | Found a transporter.
 11630 | Gauntlet | Noticed a sixfirhy
 11639 | Gauntlet | Noticed a sixfirhy
 11641 | Gauntlet | Found a transporter.
 11645 | Gauntlet | Found a transporter.
 11647 | Gauntlet | Found a runed translucent door.
 11649 | Gauntlet | Found a runed translucent door.
 11653 | Gauntlet | Found a transporter.
 11657 | Gauntlet | Found a transporter.
 11711 | Gauntlet | Received a gift from Yredelemnul (a wight)
 11770 | Gauntlet | Killed a fire crab
 11867 | Gauntlet | Noticed a sixfirhy
 11924 | Gauntlet | Noticed a deep elf knight
 11926 | Gauntlet | Blown up by an eye of devastation

Illustrated notes

Levels and vault maps discovered:
D:1:      psy_arrival_terrarium, layout_loops_ring
D:2:      layout_loops_ring, old_standard_altar, uniq_crazy_yiuf_cottage,
          uniq_natasha
D:3:      layout_basic, nicolae_gozag_zags_fifth_avenue,
          overflow_temple_1_default, uniq_sigmund
D:4:      kennysheep_goblin_castle, layout_basic,
          grunt_temple_overflow_lords_of_destruction, marbit_many_paths,
          first_ration
D:5:      kennysheep_six_static_rooms, layout_loops_ring, serial_shops,
          nicolae_shop_behind_doors, bh_walls_and_bars, uniq_menkaure,
          uniq_ijyb, uniq_pikel, uniq_eustachio, uniq_edmund
D:6:      layout_loops_cross, kennysheep_mini, temple_hall,
          hangedman_decor_clover_reticule, kennysheep_generic_room_11,
          uniq_duvessa
D:7:      layout_loops_cross, lemuel_round_altar, lemuel_blue_sif_altar,
          grunt_livestock
D:8:      layout_layer_cave, grunt_dithmenos_smoke_and_mirrors, slow_altar_2,
          minmay_lair_entry_grove, gammafunk_ghost_stat_death, uniq_psyche
D:9:      layout_rooms, bloody_trog, orc_0_dummy, basic_altar
Lair:1:   layout_cave_pods
Lair:2:   layout_roguey, minmay_snake_entry_six_corridors,
          gauntlet_entry_generic, minivault_11
Gauntlet: minmay_gauntlet_77_indecision [minmay_gauntlet_arena_77_block_sizes,
          minmay_gauntlet_arena_77_path, minmay_gauntlet_arena_77_cramped,
          minmay_gauntlet_arena_77_run_for_it,
          minmay_gauntlet_arena_77_terracotta_army,
          minmay_gauntlet_arena_77_box, nicolae_gauntlet_exit_dead_adventurers]

Skill      XL: |  1  2  3  4  5  6  7  8  9 10 11 12 |
---------------+-------------------------------------+-----
Dodging        | 3 4 5 6 7 9 10 | 10.3
Crossbows      | 3 4 5 6 7 9 10 12 | 12.5
Fighting       | 2 3 4 5 6 |  6.4
Hexes          | 4 5 6 |  6.0
Invocations    | 1 4 7 8 |  8.2
Fire Magic     | 3 4 |  4.0
Maces & Flails | 1 3 4 |  4.1
Translocations | 2 3 |  3.2
Spellcasting   | |  1.1

Action                   |  1- 3 |  4- 6 |  7- 9 | 10-12 || total
-------------------------+-------+-------+-------+-------++-------
Melee: Unarmed           |     5 |       |       |       ||     5
       Short sword       |    64 |       |       |       ||    64
       Broad axe         |    10 |    67 |    93 |       ||   170
       Falchion          |       |       |    41 |       ||    41
       Whip              |       |       |   172 |   398 ||   570
 Fire: Hand crossbow     |    39 |    30 |    80 |    27 ||   176
       Arbalest          |       |       |       |   133 ||   133
Throw: Dart              |       |     1 |     9 |    16 ||    26
 Cast: Slow              |       |       |       |     1 ||     1
Invok: Recall Undead Sla |       |       |       |     1 ||     1
Evoke: Wand              |       |       |     1 |     4 ||     5
  Use: Scroll            |       |     6 |     5 |    11 ||    22
       Potion            |       |       |     2 |     5 ||     7
 Stab: Sleeping          |     2 |     2 |       |     1 ||     5
       Distracted        |       |       |       |     1 ||     1
       Paralysed         |       |       |       |     1 ||     1
  Eat: Chunk             |    10 |     5 |    15 |    27 ||    57
       Ration            |       |       |       |     1 ||     1
Armor: Robe              |    28 |     6 |    52 |       ||    86
       Ring mail         |       |     4 |       |       ||     4
       Leather armour    |       |       |    27 |   144 ||   171
Dodge: Dodged            |    89 |    83 |   374 |   662 ||  1208
       Rpst.: Falchion   |       |       |    11 |       ||    11

Table legend:
 A = Non-vault XP
 B = Vault XP
 C = Vault XP percentage of total XP
 D = Non-vault monster count
 E = Vault monster count
 F = Vault count percentage of total count
                 A         B        C        D         E       F
            +---------+---------+-------+---------+---------+-------
      Total |   10919 |    6872 |  38.6 |     234 |      64 |  21.5
            +---------+---------+-------+---------+---------+-------
        D:1 |      44 |       0 |   0.0 |      24 |       0 |   0.0
        D:2 |     126 |      75 |  37.3 |      24 |       2 |   7.7
        D:3 |     195 |     231 |  54.2 |      21 |       1 |   4.5
        D:4 |     208 |     101 |  32.7 |       7 |      21 |  75.0
        D:5 |     850 |    1375 |  61.8 |      22 |      10 |  31.2
        D:6 |     265 |     362 |  57.7 |      16 |       4 |  20.0
        D:7 |    1226 |    1087 |  47.0 |      24 |       6 |  20.0
        D:8 |    1841 |    1948 |  51.4 |      45 |      14 |  23.7
        D:9 |    1107 |       0 |   0.0 |      24 |       0 |   0.0
     Lair:1 |    4621 |       0 |   0.0 |      23 |       0 |   0.0
     Lair:2 |     436 |       0 |   0.0 |       4 |       0 |   0.0
   Gauntlet |       0 |    1693 | 100.0 |       0 |       6 | 100.0
            +---------+---------+-------+---------+---------+-------
